 Dungeon Sprint DCSS version 0.26-a0-1181-gd376ed14c5 (webtiles) character file.

Game seed: 12161485498723725144

39453 rocky1 the Gelid (level 14, 0/88 HPs)
             Began as a Gargoyle Ice Elementalist on Dec 24, 2020.
             Was the Champion of Sif Muna.
             Killed from afar by a will-o-the-wisp (28 damage)
             ... with a foxfire
             ... in the Dungeon (Sprint IX: "|||||||||||||||||||||||||||||") on Dec 26, 2020.
             The game lasted 00:45:50 (4515 turns).

rocky1 the Gelid (Gargoyle Ice Elementalist)        Turns: 4515, Time: 00:45:50

Health: 0/88       AC: 32    Str: 12    XL:     14   Next: 6%
Magic:  15/33      EV: 15    Int: 21    God:    Sif Muna [******]
Gold:   1194       SH:  6    Dex: 10    Spells: 11/43 levels left

rFire    x . .     SeeInvis .   n - +2 morningstar (vorpal)
rCold    + + .     Faith    .   r - +0 buckler
rNeg     + . .     Spirit   .   o - +2 robe {Will+}
rPois    ∞         Reflect  .   c - +0 helmet
rElec    +         Harm     .   F - +1 cloak
rCorr    .         Rampage  .   b - +0 pair of gloves
Will     ++...     NoTele   +   (no boots)
Stlth    ++........             (no amulet)
HPRegen  0.24/turn              C - ring of ice
MPRegen  0.23/turn              A - ring of protection from cold

@: icy armour (expiring), frozen ramparts
A: big wings, negative energy resistance 1, electricity resistance, unbreathing,
petrification resistance, miasma immunity, AC +10
a: Fly, Renounce Religion, Channel Magic, Forget Spell, Divine Exegesis


You were in the Dungeon.
You worshipped Sif Muna.
Sif Muna was exalted by your worship.
You visited 1 branch You collected 1921 gold pieces.
You spent 727 gold pieces at shops.

Inventory:

Hand Weapons
 n - a +2 vorpal morningstar (weapon)
 E - the +10 scimitar of the Shining Light {flame, rC+ Stlth+}
   (You found it in the Dungeon)

   It has been specially enchanted to burn those struck by it, causing extra
   injury to most foes and up to half again as much damage against particularly
   susceptible opponents.
   Big, fiery blades are also staple armaments of hydra-hunters.
   It protects you from cold.
   It makes you more stealthy.
Armour
 b - a +0 pair of gloves (worn)
 c - a +0 helmet (worn)
 g - a +0 kite shield
 o - a +2 robe of willpower (worn)
 r - a +0 buckler (worn)
 F - a +1 cloak (worn)
Jewellery
 A - a ring of protection from cold (right hand)
 B - an uncursed ring of protection from cold
 C - a ring of ice (left hand)
 D - an uncursed ring of protection from fire
Wands
 l - a wand of iceblast (10)
 m - a wand of digging (7)
Scrolls
 h - 3 scrolls of blinking
 j - 7 scrolls of remove curse
 k - 3 scrolls of amnesia
 v - 7 scrolls of fear
 w - 2 scrolls of fog
 y - 4 scrolls of enchant weapon
Potions
 a - a potion of invisibility
 d - a potion of heal wounds
 e - 3 potions of haste
 f - 3 potions of magic
 i - 3 potions of curing
 s - 3 potions of brilliance
 u - a potion of mutation
 x - a potion of attraction {unknown}


   Skills:
 + Level 10.6 Fighting
 + Level 14.4 Maces & Flails
 - Level 8.4 Armour
 - Level 7.4 Dodging
 - Level 2.1 Stealth
 + Level 10.0 Shields
 + Level 15.2 Spellcasting
 - Level 13.7 Conjurations
 + Level 17.5 Ice Magic
 - Level 8.2 Air Magic
 - Level 10.5 Invocations


You had 11 spell levels left.
You knew the following spells:

 Your Spells              Type           Power        Failure   Level
a - Freeze                Ice            100%         0%          1
b - Frozen Ramparts       Ice            100%         0%          3
c - Ozocubu's Armour      Ice            94%          0%          3
d - Hailstorm             Conj/Ice       89%          1%          4
e - Freezing Cloud        Conj/Ice/Air   41%          2%          6
f - Absolute Zero         Ice            47%          96%         9
g - Ozocubu's Refrigerat  Ice            47%          1%          6

Your spell library contained the following spells:

 Spells                   Type           Power        Failure   Level
 Magic Dart               Conj           100%         0%          1
 Foxfire                  Conj/Fire      100%         1%          1
 Shock                    Conj/Air       100%         1%          1
 Corpse Rot               Necr/Air       N/A          1%          2
 Ensorcelled Hibernation  Hex/Ice        100%         1%          2
 Poisonous Vapours        Pois/Air       66%          1%          2
 Searing Ray              Conj           100%         1%          2
 Swiftness                Air            50%          1%          2
 Conjure Flame            Conj/Fire      44%          1%          3
 Dazzling Flash           Conj/Hex       88%          1%          3
 Mephitic Cloud           Conj/Pois/Air  46%          1%          3
 Static Discharge         Conj/Air       58%          1%          3
 Stone Arrow              Conj/Erth      88%          1%          3
 Ice Form                 Ice/Tmut       68%          1%          4
 Summon Ice Beast         Ice/Summ       68%          1%          4
 Iskenderun's Battlesphe  Conj           65%          1%          5
 Fulminant Prism          Conj/Hex       22%          2%          4
 Iskenderun's Mystic Bla  Conj/Tloc      44%          2%          4
 Metabolic Englaciation   Hex/Ice        34%          2%          5
 Corona                   Hex            16%          3%          1
 Sandblast                Erth           30%          3%          1
 Passwall                 Tmut/Erth      12%          6%          2
 Slow                     Hex            15%          6%          2
 Conjure Ball Lightning   Conj/Air       29%          6%          6
 Confusing Touch          Hex            15%          12%         3
 Ignite Poison            Fire/Tmut/Pois 15%          12%         3
 Inner Flame              Hex/Fire       15%          12%         3
 Portal Projectile        Hex/Tloc       30%          12%         3
 Spider Form              Tmut/Pois      7%           12%         3
 Summon Guardian Golem    Hex/Summ       15%          12%         3
 Tukima's Dance           Hex            15%          12%         3
 Orb of Destruction       Conj           32%          12%         7
 Bolt of Magma            Conj/Fire/Erth 17%          16%         5
 Simulacrum               Ice/Necr       34%          16%         6
 Iron Shot                Conj/Erth      22%          34%         6
 Cause Fear               Hex            7%           36%         4
 Dispel Undead            Necr           15%          36%         4
 Leda's Liquefaction      Hex/Erth       7%           36%         4
 Olgreb's Toxic Radiance  Pois           15%          36%         4
 Petrify                  Tmut/Erth      15%          36%         4
 Agony                    Necr           15%          71%         5
 Alistair's Intoxication  Tmut/Pois      10%          71%         5
 Excruciating Wounds      Necr           7%           71%         5
 Lee's Rapid Deconstruct  Erth           7%           71%         5
 Spellforged Servitor     Conj/Summ      22%          88%         7
 Eringya's Noxious Bog    Tmut/Pois      7%           99%         6
 Shadow Creatures         Summ           N/A          99%         6
 Borgnjor's Revivificati  Necr           7%           100%        8
 Sublimation of Blood     Necr           Unusable     N/A         2

Dungeon Overview and Level Annotations

Branches:
Dungeon (1/1)

Altars:
Cheibriados
Dithmenos
Elyvilon
Fedhas
Gozag
Hepliaklqana
Kikubaaqudgha
Makhleb
Nemelex Xobeh
Okawaru
Qazlal
Ru
Sif Muna
Trog
Uskayaw
Vehumet
Wu Jian
Xom
Yredelemnul
Zin
The Shining One
Beogh
Jiyva
Lugonu

Shops:
D *:}?


Innate Abilities, Weirdness & Mutations

You are resistant to torment.
Your stone body is resilient. (AC +10)
You are immune to poison.
Your large and strong wings let you fly indefinitely.
You resist negative energy. (rN+)
You are resistant to electric shocks. (rElec)
You can survive without breathing.
You are immune to petrification.
You are immune to miasma.


Message History

The frozen ramparts melt away.
The will-o-the-wisp engulfs you but does no damage.
The eleionoma hits you.
Casting: Hailstorm (safe; 1% risk of failure)
Confirm with . or Enter, or press ? or * to list all spells.
Casting: Frozen Ramparts (safe; 0% risk of failure)
Press: ? - help, Dir - look around, f - activate You feel a surge of power!
The walls around you are covered in ice.
The wall freezes the foxfire.
The wall freezes the foxfire but does no damage.
The wall freezes the foxfire. x6; The will-o-the-wisp resists.
The wall freezes the will-o-the-wisp.
The will-o-the-wisp blinks!
The wall freezes the eleionoma!
The eleionoma hits you.
The wall freezes the foxfire. x2
You puncture the eleionoma!
The eleionoma is heavily wounded.
The wall freezes the foxfire. x2; The foxfire hits you!!
The fire burns you terribly!
You die...

▓†▓.▓.▓.▓.▓.▓.▓.▓_
▓)▓.▓.▓.▓.▓.▓.▓.▓_
▓)▓.▓.▓.▓.▓.▓.▓.▓_
▓.▓.▓.▓.▓.▓.▓.▓.▓_
▓)▓.▓.▓.▓.▓.▓.▓.▓_
▓.▓.▓.▓.▓)▓.▓.▓.▓_
▓§▓.▓)▓.▓)▓.▓†▓.▓'
▓v▓.▓)▓.▓)▓.▓†▓.▓.
▓@▓.▓)▓.▓.▓.▓.▓.▓.
▓R▓§▓[▓.▓.▓.▓.▓.▓)
♣v..▓.▓.▓[▓.▓.▓.▓.
♣v♣[▓.▓.▓∩▓.▓.▓.▓.
♣v♣.▓.▓.▓?▓)▓.▓.▓.
♣.♣.▓[▓.▓∩▓.▓.▓.▓[
♣.♣.▓.▓.▓.▓.▓.▓.▓.
♣§♣.▓.▓.▓∩▓.▓.▓.▓.
♣§♣.▓.▓.▓.▓.▓.▓.▓)


You could see an eleionoma and 2 will-o-the-wisps.

Vanquished Creatures
  Frances (D)
  Donald (D)
  Aizul (D)
  A ghost moth (D)
  A merfolk impaler (D)
  A merfolk javelineer (D)
  An ettin (D)
  A boulder beetle (D)
  An ice dragon (D)
  Josephine (D)
  2 naga warriors (D)
  3 two-headed ogres (D)
  A hydra (D)
  Erica (D)
  2 centaur warriors (D)
  5 ogre magi (D)
  A death yak (D)
  An alligator (D)
  An orc high priest (D)
  Nergalle (D)
  An unseen horror (D)
  A spriggan druid (D)
  2 sea snakes (D)
  A glowing orange brain (D)
  An orc knight (D)
  An orc sorcerer (D)
  An orb spider (D)
  A harpy (D)
  An ugly thing (D)
  A manticore (D)
  A will-o-the-wisp (D)
  A salamander (shapeshifter) (D)
  2 naga magi (D)
  A water nymph (D)
  9 black mambas (D)
  A cane toad (D)
  A rime drake (D)
  2 demonic crawlers (D)
  3 tengu conjurers (D)
  A tyrant leech (D)
  A merfolk (D)
  A jumping spider (D)
  3 hornets (D)
  A wind drake (D)
  2 slime creatures (D)
  A blink frog (D)
  A redback (D)
  2 tarantellas (D)
  A spriggan (D)
  A yak (D)
  4 wraiths (D)
  A basilisk (D)
  A wyvern (D)
  A warg (D)
  7 water moccasins (D)
  4 hell hounds (D)
  A sky beast (D)
  11 orc warriors (D)
  4 wolves (D)
  6 ogres (D)
  2 bullfrogs (D)
  A wight (D)
  2 jellies (D)
  3 orc priests (D)
  7 orc wizards (D)
  A worker ant (D)
  A shadow imp (D)
  A leopard gecko (D)
  3 orcs (D)
  A bat skeleton (D)
  A bat zombie (D)
  A goblin (D)
  A frilled lizard (D)
  2 kobolds (D)
  A rat (D)
143 creatures vanquished.

Notes
Turn   | Place    | Note
-------+----------+-------------------------------------------
     0 | D        | rocky1 the Gargoyle Ice Elementalist began the quest for
                  | the Orb.
     0 | D        | Reached XP level 1. HP: 10/10 MP: 3/3
    35 | D        | Reached skill level 5 in Ice Magic
   137 | D        | Noticed a worker ant
   148 | D        | Reached XP level 2. HP: 9/15 MP: 0/5
   153 | D        | Reached skill level 7 in Ice Magic
   153 | D        | Reached XP level 3. HP: 10/19 MP: 2/6
   531 | D        | Found a roughly hewn altar of Beogh.
   531 | D        | Found a snail-covered altar of Cheibriados.
   531 | D        | Found a shadowy altar of Dithmenos.
   531 | D        | Found a white marble altar of Elyvilon.
   531 | D        | Found a blossoming altar of Fedhas.
   531 | D        | Found an opulent altar of Gozag.
   532 | D        | Found a hazy altar of Hepliaklqana.
   533 | D        | Found a viscous altar of Jiyva.
   534 | D        | Found an ancient bone altar of Kikubaaqudgha.
   535 | D        | Found a corrupted altar of Lugonu.
   536 | D        | Found a burning altar of Makhleb.
   537 | D        | Found a sparkling altar of Nemelex Xobeh.
   538 | D        | Found an iron altar of Okawaru.
   539 | D        | Found a stormy altar of Qazlal.
   540 | D        | Found a sacrificial altar of Ru.
   541 | D        | Found a shimmering blue altar of Sif Muna.
   542 | D        | Found a bloodstained altar of Trog.
   543 | D        | Found a hide-covered altar of Uskayaw.
   544 | D        | Found a radiant altar of Vehumet.
   545 | D        | Found an ornate altar of the Wu Jian Council.
   546 | D        | Found a shimmering altar of Xom.
   547 | D        | Found a basalt altar of Yredelemnul.
   548 | D        | Found a glowing silver altar of Zin.
   549 | D        | Became a worshipper of Sif Muna the Loreminder
   550 | D        | Found a glowing golden altar of the Shining One.
   699 | D        | Learned a level 3 spell: Frozen Ramparts
   699 | D        | Noticed a bullfrog
   699 | D        | Noticed a water moccasin
   699 | D        | Noticed a hornet
   702 | D        | Killed a bullfrog
   703 | D        | Reached skill level 8 in Ice Magic
   703 | D        | Reached XP level 4. HP: 24/24 MP: 1/10
   704 | D        | Reached skill level 5 in Spellcasting
   704 | D        | Reached skill level 9 in Ice Magic
   704 | D        | Reached XP level 5. HP: 28/28 MP: 1/12
   704 | D        | Reached * piety under Sif Muna
   708 | D        | Killed a water moccasin
   709 | D        | Reached skill level 10 in Ice Magic
   709 | D        | Reached XP level 6. HP: 32/32 MP: 0/15
   712 | D        | Killed a hornet
   712 | D        | Reached ** piety under Sif Muna
   713 | D        | Reached skill level 11 in Ice Magic
   713 | D        | Reached XP level 7. HP: 17/36 MP: 9/18
   975 | D        | Learned a level 3 spell: Ozocubu's Armour
   980 | D        | Learned a level 4 spell: Hailstorm
   997 | D        | Noticed a tengu conjurer
   997 | D        | Noticed a slime creature
   997 | D        | Noticed a slime creature
   997 | D        | Noticed a centaur warrior
  1002 | D        | Killed a tengu conjurer
  1003 | D        | Reached skill level 5 in Invocations
  1004 | D        | Killed a slime creature
  1005 | D        | Reached XP level 8. HP: 38/46 MP: 3/20
  1005 | D        | Killed an unseen horror
  1005 | D        | Reached *** piety under Sif Muna
  1006 | D        | Reached skill level 12 in Ice Magic
  1009 | D        | Killed a slime creature
  1010 | D        | Reached skill level 5 in Fighting
  1010 | D        | Reached skill level 5 in Armour
  1011 | D        | Killed a centaur warrior
  1012 | D        | Reached skill level 5 in Maces & Flails
  1012 | D        | Reached skill level 5 in Dodging
  1012 | D        | Reached XP level 9. HP: 26/55 MP: 0/22
  1293 | D        | Noticed a black mamba
  1293 | D        | Noticed a rime drake
  1293 | D        | Noticed a black mamba
  1298 | D        | Reached skill level 1 in Shields
  1298 | D        | Reached skill level 1 in Conjurations
  1298 | D        | Killed a black mamba
  1298 | D        | Reached **** piety under Sif Muna
  1299 | D        | Killed a rime drake
  1299 | D        | Noticed a black mamba
  1300 | D        | Noticed a black mamba
  1301 | D        | Killed a black mamba
  1302 | D        | Reached skill level 10 in Spellcasting
  1302 | D        | Reached XP level 10. HP: 51/61 MP: 6/24
  1306 | D        | Reached ***** piety under Sif Muna
  1309 | D        | Killed a black mamba
  1309 | D        | Identified Uhiwkeabeb's Grimoire of Enchanting
                  | Contamination (Sif Muna gifted it to you in the Dungeon)
  1309 | D        | Received a gift from Sif Muna
  1312 | D        | Killed a black mamba
  1313 | D        | Reached skill level 13 in Ice Magic
  1354 | D        | Noticed a cane toad
  1359 | D        | Noticed a death yak
  1369 | D        | Killed a cane toad
  1374 | D        | Identified Sif Muna's Compendium of Necromancy and
                  | Lightness (Sif Muna gifted it to you in the Dungeon)
  1374 | D        | Received a gift from Sif Muna
  1374 | D        | Killed a death yak
  1375 | D        | Reached skill level 5 in Shields
  1375 | D        | Reached skill level 5 in Conjurations
  1389 | D        | Learned a level 6 spell: Freezing Cloud
  1504 | D        | Reached XP level 11. HP: 54/69 MP: 19/25
  1505 | D        | Reached skill level 10 in Invocations
  1507 | D        | Identified Sif Muna's Compendium of Floating Intoxication
                  | (Sif Muna gifted it to you in the Dungeon)
  1507 | D        | Received a gift from Sif Muna
  1636 | D        | Noticed Josephine
  1645 | D        | Killed Josephine
  1726 | D        | Identified Sif Muna's Grimoire of the Frostbite (Sif Muna
                  | gifted it to you in the Dungeon)
  1726 | D        | Received a gift from Sif Muna
  1733 | D        | Reached ****** piety under Sif Muna
  1755 | D        | Received a gift from Sif Muna
  1898 | D        | Noticed an orc sorcerer
  1900 | D        | Noticed an orc knight
  1902 | D        | Killed an orc sorcerer
  1903 | D        | Reached skill level 1 in Air Magic
  1914 | D        | Killed an orc knight
  1915 | D        | Reached skill level 14 in Ice Magic
  1917 | D        | Received a gift from Sif Muna
  1918 | D        | Noticed an orc high priest
  1929 | D        | Killed an orc high priest
  2090 | D        | Found Catsaun's Assorted Antiques.
  2090 | D        | Noticed an ogre mage
  2090 | D        | Noticed a two-headed ogre
  2090 | D        | Noticed a two-headed ogre
  2090 | D        | Noticed a two-headed ogre
  2094 | D        | Killed an ogre mage
  2094 | D        | Killed a two-headed ogre
  2099 | D        | Killed a two-headed ogre
  2100 | D        | Reached skill level 10 in Maces & Flails
  2101 | D        | Received a gift from Sif Muna
  2104 | D        | Killed a two-headed ogre
  2105 | D        | Reached XP level 12. HP: 48/76 MP: 23/28
  2113 | D        | Noticed an ogre mage
  2115 | D        | Found Zuytaiti's Book Shoppe.
  2117 | D        | Found Gutsuff's Gadget Emporium.
  2125 | D        | Noticed an ogre mage
  2127 | D        | Killed an ogre mage
  2128 | D        | Reached skill level 5 in Air Magic
  2138 | D        | Killed an ogre mage
  2140 | D        | Found Ozxemn's Magic Scroll Shoppe.
  2142 | D        | Noticed an ogre mage
  2172 | D        | Killed an ogre mage
  2172 | D        | Identified Sif Muna's Tome of Fire and Arcane Weapons (Sif
                  | Muna gifted it to you in the Dungeon)
  2172 | D        | Received a gift from Sif Muna
  2173 | D        | Reached skill level 10 in Conjurations
  2173 | D        | Reached skill level 15 in Ice Magic
  2211 | D        | Bought a scroll of blinking for 195 gold pieces
  2217 | D        | Bought a scroll of enchant weapon for 105 gold pieces
  2217 | D        | Bought a scroll of enchant weapon for 105 gold pieces
  2217 | D        | Bought a scroll of random uselessness for 14 gold pieces
  2217 | D        | Bought a scroll of fear for 49 gold pieces
  2224 | D        | Bought a scroll labelled QYRYKUNNEN for 26 gold pieces
  2224 | D        | Bought a pink potion for 23 gold pieces
  2224 | D        | Bought a scroll of fear for 91 gold pieces
  2224 | D        | Bought a scroll of amnesia for 91 gold pieces
  2232 | D        | Bought a scroll of identify for 28 gold pieces
  2287 | D        | Upgraded the game from 0.26-a0-1164-g1a551d6a14 to
                  | 0.26-a0-1181-gd376ed14c5
  2300 | D        | Noticed Erica
  2313 | D        | Killed Erica
  2392 | D        | Got the +10 scimitar of the Shining Light {flame, rC+
                  | Stlth+}
  2476 | D        | Learned a level 9 spell: Absolute Zero
  2478 | D        | Noticed a four-headed hydra
  2478 | D        | Noticed a centaur warrior
  2478 | D        | Noticed a boulder beetle
  2482 | D        | Killed a centaur warrior
  2486 | D        | Killed a four-headed hydra
  2489 | D        | Killed a boulder beetle
  2490 | D        | Identified Sif Muna's Volume of Damage Dealing (Sif Muna
                  | gifted it to you in the Dungeon)
  2490 | D        | Received a gift from Sif Muna
  2497 | D        | Noticed an ettin
  2504 | D        | Killed an ettin
  2506 | D        | Noticed an ogre mage
  2520 | D        | Killed an ogre mage
  2646 | D        | Noticed an ice dragon
  2656 | D        | Identified Sif Muna's Volume of Ice (Sif Muna gifted it to
                  | you in the Dungeon)
  2656 | D        | Received a gift from Sif Muna
  2668 | D        | Killed an ice dragon
  2683 | D        | Learned a level 6 spell: Ozocubu's Refrigeration
  2970 | D        | Noticed Frances
  2986 | D        | Killed Frances
  2987 | D        | Reached skill level 16 in Ice Magic
  2987 | D        | Reached XP level 13. HP: 24/80 MP: 1/30
  3240 | D        | Noticed Donald
  3250 | D        | Killed Donald
  3370 | D        | Noticed Nergalle
  3400 | D        | Killed Nergalle
  3511 | D        | Noticed Aizul
  3518 | D        | Killed Aizul
  3648 | D        | Identified Sif Muna's Catalogue of Supportive Attacks (Sif
                  | Muna gifted it to you in the Dungeon)
  3648 | D        | Received a gift from Sif Muna
  3702 | D        | HP: 4/80 [something (9)]
  3718 | D        | Killed a ghost moth
  3976 | D        | Received a gift from Sif Muna
  3980 | D        | Reached skill level 17 in Ice Magic
  4086 | D        | Noticed a merfolk javelineer
  4086 | D        | Noticed a merfolk impaler
  4089 | D        | Identified Sif Muna's Catalogue of Nocuous Ice (Sif Muna
                  | gifted it to you in the Dungeon)
  4089 | D        | Received a gift from Sif Muna
  4093 | D        | Killed a merfolk javelineer
  4094 | D        | Killed a merfolk impaler
  4095 | D        | Reached skill level 10 in Fighting
  4366 | D        | Received a gift from Sif Muna
  4367 | D        | Reached skill level 15 in Spellcasting
  4494 | D        | Noticed an eleionoma
  4496 | D        | Gained mutation: Your large and strong wings let you fly
                  | indefinitely. [Gargoyle growth]
  4496 | D        | Reached XP level 14. HP: 61/88 MP: 27/33
  4512 | D        | Reached skill level 10 in Shields
  4515 | D        | Killed from afar by a will-o-the-wisp

Illustrated notes

Levels and vault maps discovered:
D:        linesprint [early_d, line_temple, items_1, d_10, items_2, lair_1,
          lair_end, items_3, orc_1, orc_end, items_4, d_15, swamp_1, shoals_1,
          snake_1, spider_1, d_20, vaults_1, items_5, swamp_end, shoals_end,
          snake_end, spider_end, vaults_end, d_27, items_6, zot_1, zot_end,
          crypt_end, forest_end, elf_end, slime_end, tomb_end, abyss_end,
          pan_hell_end]

Skill      XL: |  1  2  3  4  5  6  7  8  9 10 11 12 13 14 |
---------------+-------------------------------------------+-----
Ice Magic      | 5 7 8 9 10 11 12 13 14 16 17 | 17.5
Spellcasting   | 4 5 6 8 9 10 12 13 15 | 15.2
Invocations    | 4 6 7 8 9 10 | 10.5
Fighting       | 3 6 8 9 10 | 10.6
Maces & Flails | 3 5 6 7 10 12 14 | 14.4
Armour         | 3 6 7 8 |  8.4
Dodging        | 3 5 6 7 |  7.4
Shields        | 3 5 9 10 | 10.0
Conjurations   | 3 5 9 12 13 | 13.7
Air Magic      | 4 8 |  8.2
Stealth        | |  2.1

Action                   |  1- 3 |  4- 6 |  7- 9 | 10-12 | 13-15 || total
-------------------------+-------+-------+-------+-------+-------++-------
Melee: Unarmed           |    50 |       |       |       |       ||    50
       Dagger            |    10 |       |       |       |       ||    10
       Morningstar       |       |     2 |     7 |   127 |    91 ||   227
 Cast: Freeze            |    11 |     4 |     5 |     3 |     4 ||    27
       Frozen Ramparts   |     1 |     1 |     2 |    19 |    12 ||    35
       Hailstorm         |       |       |     5 |    45 |    14 ||    64
       Ozocubu's Armour  |       |       |     2 |    11 |     9 ||    22
       Freezing Cloud    |       |       |       |       |     5 ||     5
       Corona            |       |       |       |       |     1 ||     1
Invok: Channel Magic     |       |     1 |       |     4 |     4 ||     9
       Divine Exegesis   |       |       |       |       |     1 ||     1
  Use: Potion            |     3 |       |       |     3 |     6 ||    12
       Scroll            |     1 |       |       |     3 |       ||     4
Armor: Robe              |    13 |       |       |    24 |   119 ||   156
       Leather armour    |     2 |     2 |    14 |    42 |       ||    60
Dodge: Dodged            |    45 |     4 |     5 |    84 |    48 ||   186
Block: Buckler           |       |       |       |    27 |    21 ||    48

Table legend: (Time is in decaauts)
 A = Elapsed time spent in this place.
 B = Non-inter-level travel time spent in this place.
 C = Inter-level travel time spent in this place.
 D = Time resting spent in this place.
 E = Time spent auto-exploring this place.
 F = Levels seen in this place.
 G = Mean time per level.
                   A        B        C        D        E       F      G
               +--------+--------+--------+--------+--------+-----+--------+
         Total |   4515 |   4405 |    110 |   2814 |      0 |   1 | 4515.0 |
       Dungeon |   4515 |   4405 |    110 |   2814 |      0 |   1 | 4515.0 |
               +--------+--------+--------+--------+--------+-----+--------+

Top non-repeatable levels by time:
       D: 4515 daAuts
